 Dungeon Crawl Stone Soup version 0.27-a0-366-g8badd94918 (webtiles) character file.

Game seed: 8961127100659343802

21 melchizedek the Shield-Bearer (level 2, 19/19 HPs)
             Began as a Gargoyle Fighter on Jan 27, 2021.
             Quit the game on level 1 of the Dungeon on Feb 17, 2021.
             The game lasted 00:00:49 (564 turns).

melchizedek the Shield-Bearer (Gargoyle Fighter)     Turns: 564, Time: 00:00:49

Health: 19/19      AC:  9    Str: 19    XL:     2   Next: 87%
Magic:  2/2        EV:  7    Int:  8    God:
Gold:   0          SH:  9    Dex:  9    Spells: 1/1 levels left

rFire    . . .     SeeInvis .   a - +0 trident
rCold    . . .     Faith    .   c - +0 kite shield
rNeg     + . .     Spirit   .   b - +0 scale mail
rPois    ∞         Reflect  .   (no helmet)
rElec    +         Harm     .   (no cloak)
rCorr    .         Rampage  .   (no gloves)
Will     .....                  (no boots)
Stlth    ..........             (no amulet)
HPRegen  0.06/turn              (no ring)
MPRegen  0.08/turn              (no ring)

@: no status effects
A: negative energy resistance 1, electricity resistance, unbreathing,
petrification resistance, miasma immunity, AC +2
a: no special abilities


You were on level 1 of the Dungeon.
You visited 1 branch of the dungeon, and saw 1 of its levels.

Inventory:

Hand Weapons
 a - a +0 trident (weapon)
Armour
 b - a +0 scale mail (worn)
 c - a +0 kite shield (worn)
Scrolls
 e - a scroll of fear {unknown}
 f - a scroll of identify {unknown}
Potions
 d - a potion of might


   Skills:
 + Level 3.5 Fighting
 + Level 1.9 Polearms
 + Level 3.5 Armour
 + Level 0.2 Dodging
 + Level 3.8 Shields


You had one spell level left.
You didn't know any spells.
Your spell library was empty.

Dungeon Overview and Level Annotations

Branches:
Dungeon (1/15)

Altars:


Innate Abilities, Weirdness & Mutations

You are resistant to torment.
Your stone body is resilient. (AC +2)
You are immune to poison.
You resist negative energy. (rN+)
You are resistant to electric shocks. (rElec)
You can survive without breathing.
You are immune to petrification.
You are immune to miasma.


Message History

You hit the kobold.
The kobold is moderately wounded.
You block the kobold's attack. You block the rat's attack.
The kobold hits you but does no damage.
You puncture the kobold!
You kill the kobold!
The rat bites you but does no damage.
You barely miss the rat. The rat bites you.
The rat bites you but does no damage.
You hit the rat.
The rat is heavily wounded.
The rat closely misses you.
You closely miss the rat.
The rat is heavily wounded.
The rat bites you but does no damage. x2
You puncture the rat!
You kill the rat!
No target in view!
No target in view!
No target in view!
No target in view!
No target in view!
No target in view!
No target in view!
No target in view!
No target in view!
No target in view!
No target in view!
No target in view!
No target in view!
No target in view!
No target in view!
You see here a +0 dagger.
You see here a rat corpse.
Done exploring.
Done exploring.
Save game and exit?
Welcome back, melchizedek the Gargoyle Fighter.
Press ? for a list of commands and other information.
Are you sure you want to abandon this character and quit the game? (Confirm with "yes".)

# ########## # ##....##..#
## #.........# [#
##.....##..# .# #†).......##
.# ######.#.#########
.###......†.# ##...## ###
..##.####.### ##.....## #.#
#.##.# #.### #.@.....# #.#
#....# #...###.......# ##.#
###..# ##.#...........# #..#
# #..# #..#.≈≈≈≈≈≈≈..## #..#
###..###..#.≈.....≈..####..#
............≈.....≈...##...#
##...###.≈≈.≈.≈≈..≈....)...#
#..#.###.≈..≈..≈..≈....##.##
..##.##..≈..≈<.≈..≈..####.#


There were no monsters in sight!

Vanquished Creatures
  2 leopard geckos (D:1)
  6 bats (D:1)
  A goblin (D:1)
  A hobgoblin (D:1)
  A ball python (D:1)
  5 frilled lizards (D:1)
  2 kobolds (D:1)
  3 rats (D:1)
21 creatures vanquished.

Notes
Turn   | Place    | Note
-------+----------+-------------------------------------------
     0 | D:1      | melchizedek the Gargoyle Fighter began the quest for the
                  | Orb.
     0 | D:1      | Reached XP level 1. HP: 14/14 MP: 1/1
    86 | D:1      | Reached XP level 2. HP: 19/19 MP: 2/2
   564 | D:1      | Upgraded the game from 0.27-a0-156-gbcd94eb011 to
                  | 0.27-a0-366-g8badd94918
   564 | D:1      | Quit the game

Illustrated notes

Levels and vault maps discovered:
D:1:      ebering_hopf_link, layout_rooms

Action                   || total
-------------------------++-------
Melee: Trident           ||    90
Armor: Scale mail        ||    61
Dodge: Dodged            ||    22
Block: Kite shield       ||    52

Table legend: (Time is in decaauts)
 A = Elapsed time spent in this place.
 B = Non-inter-level travel time spent in this place.
 C = Inter-level travel time spent in this place.
 D = Time resting spent in this place.
 E = Time spent auto-exploring this place.
 F = Levels seen in this place.
 G = Mean time per level.
                   A        B        C        D        E       F      G
               +--------+--------+--------+--------+--------+-----+--------+
         Total |    603 |    603 |      0 |      0 |    431 |   1 |  603.0 |
       Dungeon |    603 |    603 |      0 |      0 |    431 |   1 |  603.0 |
               +--------+--------+--------+--------+--------+-----+--------+

Top non-repeatable levels by time:
     D:1: 603 daAuts
